Map: Port Aleksander LE

Players

Neeb

  • Race: Protoss Protoss
  • Spawn Location: 11:00

Stats - Winner!

  • Race: Protoss Protoss
  • Spawn Location: 5:00

Event: IEM Season 13: Katowice (2019)

VOD

Have the link to the VOD?

Description

Time

  • Played on: March 2, 2019, 12:14 p.m.
  • Length: 3:59

All games in this series

Show
View Real Time Build Order
Export as new Build Order

Neeb Protoss 

Build Orders:  

Get SALT Encoding   

  12  0:00  Probe  
  13  0:12  Probe  
  14  0:17  Pylon  
  14  0:23  Probe  
  15  0:32  Probe  
  15  0:38  Gateway  
  15  0:40  Probe  
  16  0:47  Assimilator  
  17  0:50  Probe  
  17  0:56  Assimilator  
  18  0:58  Probe  
  19  1:08  Probe  
  19  1:09  Gateway  
  20  1:20  Probe  
  21  1:26  Cybernetics Core  
  21  1:32  Probe  
  22  1:38  Pylon  
  22  1:44  Probe  
  23  1:53  Warp Gate  
  23  1:56  Probe  
  24  2:02  Adept x2  
  28  2:08  Probe  
  29  2:16  Pylon  
  29  2:36  Sentry x2  
  33  2:46  Nexus  
  33  2:50  Pylon  
  33  2:56  Shield Battery  
  33  3:07  Probe  
  33  3:12  Stalker  
  32  3:21  Probe  
  31  3:33  Probe  
  25  3:44  Stalker  
  25  3:45  Probe  
Show
View Real Time Build Order
Export as new Build Order

Stats Protoss - Winner!

Build Orders: Oracle Opening 

Get SALT Encoding   

  12  0:00  Probe  
  13  0:12  Probe  
  14  0:18  Pylon  
  14  0:24  Probe  
  15  0:32  Probe  
  15  0:38  Gateway  
  15  0:40  Probe  
  16  0:47  Assimilator  
  17  0:51  Probe  
  17  0:56  Assimilator  
  18  0:59  Probe  
  19  1:07  Probe  
  20  1:15  Gateway  
  20  1:17  Probe  
  20  1:25  Cybernetics Core  
  21  1:29  Probe  
  22  1:37  Pylon  
  22  1:41  Probe  
  23  1:55  Probe  
  24  2:01  Stargate  
  24  2:02  Adept  
  24  2:06  Adept  
  28  2:11  Warp Gate  
  28  2:17  Pylon  
  28  2:38  Stalker  
  28  2:39  Oracle  
  28  2:40  Shield Battery  
  32  2:55  Pylon  
  32  2:56  Probe  
  33  3:07  Oracle  
  36  3:29  Probe  
  28  3:41  Probe  

Tags
 
Add a new tag
Caveats
  • Supply blocks, unpowered buildings, or Contaminate may cause inaccurate times.
  • Supply counts are checked every 10 seconds.